TOP OF THE 1ST |
Redwood City Redwoods batting - Pitching for Vancouver Vipers : RHP Martin Atkins
|
Pitching: RHP Martin Atkins
|
|
Batting: RHB Dan Martin
|
0-0: Called Strike 0-1: Ground out 4-3 (Groundball, 4)
|
Batting: LHB Juan Hernández
|
0-0: Called Strike 0-1: Foul Ball, location: 2F 0-2: Foul Ball, location: 2F 0-2: Strikes out swinging
|
Batting: LHB Vincente Sáenz
|
0-0: Foul Ball, location: 2F 0-1: Called Strike 0-2: Foul Ball, location: 2F 0-2: Ball 1-2: Strikes out swinging
|
Top of the 1st over - 0 run(s), 0 hit(s), 0 error(s), 0 left on base; Redwood City 0 - Vancouver 0 |
BOTTOM OF THE 1ST |
Vancouver Vipers batting - Pitching for Redwood City Redwoods : RHP Júlio Castro
|
Pitching: RHP Júlio Castro
|
|
Batting: LHB Javier Matos
|
0-0: Ball 1-0: Ground out U3 (Groundball, 3)
|
Batting: LHB Ray Spencer
|
0-0: Foul Ball, location: 2F 0-1: Called Strike 0-2: Ground out 3-1 (Groundball, 3)
|
Batting: LHB Mike Williams
|
0-0: Ball 1-0: Ball 2-0: Ball 3-0: Base on Balls
|
Batting: SHB Henry Copeland
|
0-0: Ball 1-0: SINGLE (Line Drive, 89S) Mike Williams to second
|
Batting: SHB Kyle MacGregor
|
0-0: Ball 1-0: Ball 2-0: SINGLE (Groundball, 4MD) Mike Williams to third Henry Copeland to second Runner from 3rd tries for Home, SAFE, no throw or cutoff
|
Batting: RHB Tony Cruz
|
0-0: Called Strike 0-1: Foul Ball, location: 2F 0-2: Ball 1-2: Foul Ball, location: 2F 1-2: Ground out 4-3 (Groundball, 4)
|
Bottom of the 1st over - 1 run(s), 2 hit(s), 0 error(s), 2 left on base; Redwood City 0 - Vancouver 1 |
TOP OF THE 2ND |
Redwood City Redwoods batting - Pitching for Vancouver Vipers : RHP Martin Atkins
|
Batting: RHB Edgardo Gonzáles
|
0-0: Foul Ball, location: 2F 0-1: Ball 1-1: Called Strike 1-2: Strikes out swinging
|
Batting: LHB Patrick Bright
|
0-0: Called Strike 0-1: Foul Ball, location: 2F 0-2: DOUBLE (Flyball, 8RXD)
|
Batting: LHB Tony Warrilow
|
0-0: Foul Ball, location: 2F 0-1: Foul Ball, location: 2F 0-2: Ball 1-2: Ball 2-2: Ground out 4-3 (Groundball, 4) Patrick Bright to third
|
Batting: RHB Anastasio García
|
0-0: Ball 1-0: Ball 2-0: Ground out 6-3 (Groundball, 6)
|
Top of the 2nd over - 0 run(s), 1 hit(s), 0 error(s), 1 left on base; Redwood City 0 - Vancouver 1 |
BOTTOM OF THE 2ND |
Vancouver Vipers batting - Pitching for Redwood City Redwoods : RHP Júlio Castro
|
Batting: RHB Lorenzo González
|
0-0: Called Strike 0-1: Bunt for hit - play at first, batter safe!
|
Batting: LHB Cipriano Miranda
|
0-0: Ball 1-0: Grounds into double play, 4-6-3 (Groundball, 34)
|
Batting: RHB Tomás Estrada
|
0-0: Foul Ball, location: 2F 0-1: SINGLE (Groundball, 34D)
|
Batting: LHB Javier Matos
|
0-0: Ball 1-0: Ball 2-0: Ground out 5-3 (Groundball, 56S)
|
Bottom of the 2nd over - 0 run(s), 2 hit(s), 0 error(s), 1 left on base; Redwood City 0 - Vancouver 1 |
TOP OF THE 3RD |
Redwood City Redwoods batting - Pitching for Vancouver Vipers : RHP Martin Atkins
|
Batting: RHB Fu Tse
|
0-0: Ball 1-0: Foul Ball, location: 2F 1-1: Ball 2-1: Ball 3-1: Foul Ball, location: 2F 3-2: Strikes out looking
|
Batting: RHB William Parker
|
0-0: Swinging Strike 0-1: Foul Ball, location: 2F 0-2: Fly out, F9 (Flyball, 89D)
|
Batting: RHB Dan Martin
|
0-0: Ball 1-0: Ball 2-0: Ball 3-0: Base on Balls
|
Batting: LHB Juan Hernández
|
0-0: Ball 1-0: Foul Ball, location: 2F 1-1: Swinging Strike 1-2: Ground out 3-1 (Groundball, 34)
|
Top of the 3rd over - 0 run(s), 0 hit(s), 0 error(s), 1 left on base; Redwood City 0 - Vancouver 1 |
BOTTOM OF THE 3RD |
Vancouver Vipers batting - Pitching for Redwood City Redwoods : RHP Júlio Castro
|
Batting: LHB Ray Spencer
|
0-0: Ball 1-0: Ball 2-0: Ball 3-0: Ground out 1-3 (Groundball, 13S)
|
Batting: LHB Mike Williams
|
0-0: Ball 1-0: Ball 2-0: Ball 3-0: Called Strike 3-1: Foul Ball, location: 2F 3-2: Base on Balls
|
Batting: SHB Henry Copeland
|
0-0: Ball 1-0: Called Strike 1-1: Ball 2-1: Foul Ball, location: 2F 2-2: Strikes out swinging
|
Batting: SHB Kyle MacGregor
|
0-0: Ball 1-0: Ground out 1-3 (Groundball, 15)
|
Bottom of the 3rd over - 0 run(s), 0 hit(s), 0 error(s), 1 left on base; Redwood City 0 - Vancouver 1 |
TOP OF THE 4TH |
Redwood City Redwoods batting - Pitching for Vancouver Vipers : RHP Martin Atkins
|
Batting: LHB Vincente Sáenz
|
0-0: Called Strike 0-1: Swinging Strike 0-2: Ball 1-2: Ball 2-2: Strikes out swinging
|
Batting: RHB Edgardo Gonzáles
|
0-0: Called Strike 0-1: Foul Ball, location: 2F 0-2: Strikes out swinging
|
Batting: LHB Patrick Bright
|
0-0: Foul Ball, location: 2F 0-1: Ground out 3-1 (Groundball, 34)
|
Top of the 4th over - 0 run(s), 0 hit(s), 0 error(s), 0 left on base; Redwood City 0 - Vancouver 1 |
BOTTOM OF THE 4TH |
Vancouver Vipers batting - Pitching for Redwood City Redwoods : RHP Júlio Castro
|
Batting: RHB Tony Cruz
|
0-0: Called Strike 0-1: Foul Ball, location: 2F 0-2: Ball 1-2: Fly out, F9 (Flyball, 9LSF)
|
Batting: RHB Lorenzo González
|
0-0: Called Strike 0-1: Ball 1-1: Ball 2-1: Ground out 5-3 (Groundball, 56)
|
Batting: LHB Cipriano Miranda
|
0-0: DOUBLE (Flyball, 8RXD)
|
Batting: RHB Tomás Estrada
|
0-0: Ball 1-0: SINGLE (Popup, 6) Cipriano Miranda to third Runner from 3rd tries for Home, throw and OUT!
|
Bottom of the 4th over - 0 run(s), 2 hit(s), 0 error(s), 1 left on base; Redwood City 0 - Vancouver 1 |
TOP OF THE 5TH |
Redwood City Redwoods batting - Pitching for Vancouver Vipers : RHP Martin Atkins
|
Batting: LHB Tony Warrilow
|
0-0: Called Strike 0-1: Ball 1-1: Ball 2-1: Fly out, F8 (Flyball, 8RD)
|
Batting: RHB Anastasio García
|
0-0: Called Strike 0-1: Foul Ball, location: 2F 0-2: Foul Ball, location: 2F 0-2: Foul Ball, location: 2F 0-2: Strikes out looking
|
Batting: RHB Fu Tse
|
0-0: Called Strike 0-1: Ball 1-1: Ball 2-1: SINGLE (Line Drive, 56)
|
Batting: RHB William Parker
|
0-0: Foul Ball, location: 2F 0-1: Ball 1-1: Fly out, F8 (Flyball, 8LD)
|
Top of the 5th over - 0 run(s), 1 hit(s), 0 error(s), 1 left on base; Redwood City 0 - Vancouver 1 |
BOTTOM OF THE 5TH |
Vancouver Vipers batting - Pitching for Redwood City Redwoods : RHP Júlio Castro
|
Batting: LHB Javier Matos
|
0-0: Called Strike 0-1: Swinging Strike 0-2: Ball 1-2: Ball 2-2: Ball 3-2: Fly out, F9 (Flyball, 89M)
|
Batting: LHB Ray Spencer
|
0-0: Ball 1-0: Ball 2-0: SINGLE (Line Drive, 4MD)
|
Batting: LHB Mike Williams
|
0-0: Called Strike Ray Spencer steals 2nd base 0-1: Ball 1-1: Ball 2-1: Ball Ray Spencer steals 3rd base 3-1: SINGLE (Line Drive, 9S) Ray Spencer scores
|
Batting: SHB Henry Copeland
|
0-0: Called Strike 0-1: Ball 1-1: Ball 2-1: Called Strike Mike Williams steals 2nd base 2-2: Foul Ball, location: 2F 2-2: Foul Ball, location: 2F 2-2: Foul Ball, location: 2F 2-2: Foul Ball, location: 2F 2-2: Ground out U3 (Groundball, 3) Mike Williams to third
|
Batting: SHB Kyle MacGregor
|
0-0: Swinging Strike 0-1: Ball 1-1: Fly out, F9 (Flyball, 9M)
|
Bottom of the 5th over - 1 run(s), 2 hit(s), 0 error(s), 1 left on base; Redwood City 0 - Vancouver 2 |
TOP OF THE 6TH |
Redwood City Redwoods batting - Pitching for Vancouver Vipers : RHP Martin Atkins
|
Batting: RHB Dan Martin
|
0-0: SINGLE (Line Drive, 4MD)
|
Batting: LHB Juan Hernández
|
0-0: Ball 1-0: Swinging Strike 1-1: Ball 2-1: Grounds into double play, 4-6-3 (Groundball, 34)
|
Batting: LHB Vincente Sáenz
|
0-0: Ground out 3-1 (Groundball, 3D)
|
Top of the 6th over - 0 run(s), 1 hit(s), 0 error(s), 0 left on base; Redwood City 0 - Vancouver 2 |
BOTTOM OF THE 6TH |
Vancouver Vipers batting - Pitching for Redwood City Redwoods : RHP Júlio Castro
|
Batting: RHB Tony Cruz
|
0-0: Ball 1-0: Ball 2-0: Ball 3-0: Base on Balls
|
Batting: RHB Lorenzo González
|
0-0: Called Strike 0-1: SINGLE (Line Drive, 8RS) Tony Cruz to second
|
Batting: LHB Cipriano Miranda
|
0-0: Ball 1-0: Ball 2-0: Ball 3-0: Base on Balls Tony Cruz to third Lorenzo González to second
|
Batting: RHB Tomás Estrada
|
0-0: Called Strike 0-1: Foul Ball, location: 2F 0-2: DOUBLE (Popup, 7LS) Tony Cruz scores Lorenzo González scores Cipriano Miranda to third Runner from 3rd tries for Home, SAFE, throw made home
|
Pitching: RHP Carl Murgatroyd
|
|
Batting: LHB Javier Matos
|
0-0: Called Strike 0-1: Ball Wild Pitch! Tomás Estrada to third 1-1: Called Strike 1-2: Ball 2-2: Ground out U3 (Groundball, 3)
|
Batting: LHB Ray Spencer
|
0-0: SINGLE (Groundball, 4M) Tomás Estrada scores
|
Batting: LHB Mike Williams
|
0-0: Ball 1-0: Ball 2-0: Called Strike 2-1: Foul Ball, location: 2F 2-2: SINGLE (Groundball, 34D) Ray Spencer to second Runner from 2nd tries for 3rd, SAFE, throw made to third Mike Williams to second
|
Batting: SHB Henry Copeland
|
0-0: Ball Wild Pitch! Ray Spencer scores Mike Williams to third 1-0: Ball 2-0: Called Strike 2-1: Ball 3-1: Swinging Strike 3-2: Base on Balls
|
Batting: SHB Kyle MacGregor
|
0-0: Ball 1-0: Called Strike 1-1: Foul Ball, location: 2F 1-2: Foul Ball, location: 2F 1-2: Ball 2-2: Fielders Choice at 2nd, 3-6 (Groundball, 3) Mike Williams scores
|
Batting: RHB Tony Cruz
|
0-0: Ball 1-0: Fly out, F8 (Flyball, 8RS)
|
Bottom of the 6th over - 6 run(s), 4 hit(s), 0 error(s), 1 left on base; Redwood City 0 - Vancouver 8 |
TOP OF THE 7TH |
Redwood City Redwoods batting - Pitching for Vancouver Vipers : RHP Martin Atkins
|
Batting: RHB Edgardo Gonzáles
|
0-0: Called Strike 0-1: Swinging Strike 0-2: Strikes out swinging
|
Batting: LHB Patrick Bright
|
0-0: Ball 1-0: Called Strike 1-1: Called Strike 1-2: Foul Ball, location: 2F 1-2: Ball 2-2: Strikes out looking
|
Batting: LHB Tony Warrilow
|
0-0: Ball 1-0: Ball 2-0: Ball 3-0: Called Strike 3-1: Base on Balls
|
Batting: RHB Anastasio García
|
0-0: Called Strike 0-1: Ball 1-1: Ball 2-1: Fly out, F3 (Popup, 9LSF)
|
Top of the 7th over - 0 run(s), 0 hit(s), 0 error(s), 1 left on base; Redwood City 0 - Vancouver 8 |
BOTTOM OF THE 7TH |
Vancouver Vipers batting - Pitching for Redwood City Redwoods : RHP Carl Murgatroyd
|
Batting: RHB Lorenzo González
|
0-0: Ball 1-0: SOLO HOME RUN (Flyball, 7D), Distance : 384 ft
|
Pitching: RHP Willie McMillan
|
|
Batting: LHB Cipriano Miranda
|
0-0: Ball 1-0: Ball 2-0: Ball 3-0: Called Strike 3-1: Foul Ball, location: 2F 3-2: SINGLE (Flyball, 9LS)
|
Batting: RHB Tomás Estrada
|
0-0: Ball 1-0: Ball 2-0: Sac Bunt - play at second, runner OUT! 1-6
|
Batting: LHB Javier Matos
|
0-0: Foul Ball, location: 2F 0-1: Ball 1-1: Ball 2-1: Ball 3-1: Base on Balls Tomás Estrada to second
|
Batting: LHB Ray Spencer
|
0-0: Ball 1-0: Ball Javier Matos steals 2nd base Tomás Estrada to third 2-0: Ground out 4-3 (Groundball, 34) Tomás Estrada scores Javier Matos to third
|
Batting: LHB Mike Williams
|
0-0: Ball 1-0: Swinging Strike 1-1: Called Strike 1-2: Strikes out swinging
|
Bottom of the 7th over - 2 run(s), 2 hit(s), 0 error(s), 1 left on base; Redwood City 0 - Vancouver 10 |
TOP OF THE 8TH |
Redwood City Redwoods batting - Pitching for Vancouver Vipers : RHP Martin Atkins
|
Now in LF: Steve Bender
|
|
Now in CF: Oscar Rudd
|
|
Batting: RHB Fu Tse
|
0-0: Ground out 4-3 (Groundball, 34)
|
Batting: RHB William Parker
|
0-0: Ground out 2-3 (Groundball, 2L)
|
Batting: RHB Dan Martin
|
0-0: Swinging Strike 0-1: Called Strike 0-2: Strikes out looking
|
Top of the 8th over - 0 run(s), 0 hit(s), 0 error(s), 0 left on base; Redwood City 0 - Vancouver 10 |
BOTTOM OF THE 8TH |
Vancouver Vipers batting - Pitching for Redwood City Redwoods : RHP Willie McMillan
|
Batting: SHB Henry Copeland
|
0-0: Ground out 4-3 (Groundball, 4)
|
Batting: SHB Kyle MacGregor
|
0-0: Ball Single, Error in OF, E7, batter to second base
|
Batting: RHB Tony Cruz
|
0-0: Ball 1-0: Called Strike 1-1: SINGLE (Groundball, 56) Kyle MacGregor to third
|
Batting: RHB Lorenzo González
|
0-0: Ball 1-0: Called Strike 1-1: Ball 2-1: Foul Ball, location: 2F 2-2: Foul Ball, location: 2F 2-2: Foul Ball, location: 2F 2-2: Foul Ball, location: 2F 2-2: Foul Ball, location: 2F 2-2: 3-RUN HOME RUN (Flyball, 7LD), Distance : 381 ft
|
Pitching: RHP William Simpson
|
|
Batting: LHB Cipriano Miranda
|
0-0: Ball 1-0: Fly out, F5 (Popup, 5F)
|
Batting: RHB Tomás Estrada
|
0-0: Ball 1-0: SINGLE (Flyball, 8LS)
|
Batting: LHB Javier Matos
|
0-0: Ball 1-0: Foul Ball, location: 2F 1-1: Foul Ball, location: 2F 1-2: Strikes out swinging
|
Bottom of the 8th over - 3 run(s), 4 hit(s), 1 error(s), 1 left on base; Redwood City 0 - Vancouver 13 |
TOP OF THE 9TH |
Redwood City Redwoods batting - Pitching for Vancouver Vipers : RHP Martin Atkins
|
Now at 1B: Luis Sáenz
|
|
Batting: LHB Juan Hernández
|
0-0: Ball 1-0: Ball 2-0: Ball 3-0: Called Strike 3-1: Fly out, F7 (Flyball, 78M)
|
Pitching: RHP Álex Villegas
|
|
Batting: LHB Vincente Sáenz
|
0-0: Ball 1-0: Ball 2-0: Foul Ball, location: 2F 2-1: Called Strike 2-2: Foul Ball, location: 2F 2-2: Foul Ball, location: 2F 2-2: Fly out, F8 (Flyball, 8RXD)
|
Batting: RHB Edgardo Gonzáles
|
0-0: Swinging Strike 0-1: Ball 1-1: Hit by Pitch
|
Batting: LHB Patrick Bright
|
0-0: Foul Ball, location: 2F 0-1: Ball 1-1: Ball 2-1: Swinging Strike 2-2: 2-RUN HOME RUN (Flyball, 9D), Distance : 366 ft
|
Batting: LHB Tony Warrilow
|
0-0: Called Strike 0-1: Ball 1-1: Ball 2-1: Foul Ball, location: 2F 2-2: Ground out 4-3 (Groundball, 4)
|
Top of the 9th over - 2 run(s), 1 hit(s), 0 error(s), 0 left on base; Redwood City 2 - Vancouver 13 |
|